Map: Lightshade LE

Players

PEEDRINKER

  • Race: Zerg Zerg
  • League: Master
  • Spawn Location: 11:00

Pumba - Winner!

  • Race: Zerg Zerg
  • League: Master
  • Spawn Location: 5:00

VOD

Have the link to the VOD?

Description

Time

  • Played on: Sept. 21, 2021, 5:59 p.m.
  • Length: 6:49
Show
View Real Time Build Order
Export as new Build Order

PEEDRINKER Zerg 

Build Orders: Hatch First 

Get SALT Encoding   

  12  0:01  Drone  
  13  0:12  Overlord  
  13  0:17  Drone  
  14  0:30  Drone x2  
  16  0:49  Hatchery  
  15  0:52  Drone  
  15  0:56  Drone  
  17  1:00  Drone  
  18  1:10  Extractor  
  17  1:15  Spawning Pool  
  17  1:18  Drone  
  17  1:21  Drone  
  18  1:28  Drone  
  19  1:44  Overlord  
  19  2:02  Zergling x6  
  19  2:03  Queen  
  19  2:05  Queen  
  26  2:12  Metabolic Boost  
  26  2:18  Drone x2  
  28  2:26  Drone x2  
  30  2:34  Drone  
  31  2:47  Hatchery  
  30  2:54  Queen  
  30  2:57  Overlord  
  33  3:05  Baneling Nest, Drone  
  33  3:11  Drone x2  
  34  3:19  Zergling x6  
  37  3:24  Drone x2  
  39  3:37  Overlord  
  39  3:38  Drone x4  
  43  3:47  Overlord  
  43  3:49  Extractor  
  42  3:57  Baneling x2  
  42  4:01  Overlord  
  42  4:02  Drone x2  
  44  4:03  Drone x2  
  45  4:12  Drone  
  46  4:19  Drone x2  
  46  4:23  Queen  
  50  4:24  Lair  
  50  4:30  Roach Warren, Evolution Chamber  
  48  4:31  Overlord  
  48  4:41  Baneling x2  
  48  4:44  Zergling x12  
  52  4:51  Zergling x2  
  53  4:54  Drone x5  
  58  5:06  Drone x5  
  54  5:11  Drone x2  
  56  5:25  Overlord  
  56  5:28  Drone x3  
  56  5:29  Drone x2  
  60  5:36  Roach x4  
  68  5:46  Overseer  
  68  5:49  Extractor  
  67  5:50  Roach x3  
  67  5:51  Extractor  
  72  5:57  Baneling x2  
  72  6:00  Drone x2  
  72  6:01  Overlord  
  72  6:03  Overlord x2  
  73  6:07  Overlord  
  73  6:16  Roach x5  
  66  6:21  Zergling x6  
  66  6:25  Roach  
  66  6:29  Zergling x2  
  66  6:30  Zergling x4  
Show
View Real Time Build Order
Export as new Build Order

Pumba Zerg - Winner!

Build Orders: Hatch First 

Get SALT Encoding   

  12  0:00  Drone  
  13  0:12  Overlord  
  13  0:16  Drone  
  14  0:30  Drone  
  14  0:31  Drone  
  16  0:47  Hatchery  
  15  0:50  Drone  
  15  0:54  Drone  
  17  0:57  Drone  
  18  1:09  Extractor  
  17  1:13  Spawning Pool  
  17  1:16  Drone  
  17  1:18  Drone  
  18  1:29  Drone  
  19  1:40  Drone  
  20  1:52  Overlord  
  20  1:59  Queen  
  20  2:00  Queen  
  20  2:01  Zergling x4  
  26  2:09  Metabolic Boost  
  26  2:14  Drone  
  26  2:15  Drone  
  28  2:22  Drone  
  29  2:24  Drone  
  30  2:33  Drone x2  
  32  2:41  Hatchery  
  32  2:44  Drone x2  
  33  2:53  Baneling Nest  
  33  2:57  Zergling x2  
  33  3:06  Zergling x2  
  33  3:08  Queen, Overlord  
  33  3:11  Overlord  
  36  3:28  Drone x6  
  42  3:36  Baneling  
  42  3:38  Baneling  
  42  3:39  Baneling  
  42  3:45  Zergling x6  
  42  3:46  Baneling  
  42  3:48  Overlord  
  44  3:50  Extractor x2  
  44  3:51  Drone x2  
  44  3:55  Evolution Chamber  
  43  4:04  Drone  
  43  4:05  Drone x2  
  43  4:08  Roach Warren  
  44  4:11  Drone x3  
  46  4:22  Drone x4  
  50  4:24  Overlord  
  50  4:32  Zerg Missile Weapons Level 1, Overlord  
  50  4:37  Zergling x10  
  54  4:49  Drone  
  54  4:50  Overlord  
  54  4:51  Drone x3  
  58  5:00  Roach x4  
  58  5:06  Baneling x2  
  63  5:13  Roach x5  
  73  5:25  Roach x4  
  80  5:37  Zergling x4  
  80  5:38  Overlord x2  
  80  5:40  Lair  
  80  5:42  Baneling x5  
  82  5:47  Overlord  
  82  5:48  Overlord  
  82  5:49  Overlord  
  82  5:55  Extractor  
  81  5:58  Zergling x12  
  87  6:09  Zergling x16  
  89  6:19  Zergling x4  
  89  6:24  Zergling x14  
  94  6:29  Zergling x2  
  94  6:30  Ravager x2  
Tags
 
Add a new tag
Caveats
  • Supply blocks, unpowered buildings, or Contaminate may cause inaccurate times.
  • Supply counts are checked every 10 seconds.